 Dungeon Crawl Stone Soup version 0.29.1-12-g30fa7ad0bf (webtiles) character file.

Game seed: 10023942191855580661

1304 Peloso the Covered (level 8, -1/70 HPs)
             Began as a Minotaur Fighter on Dec 13, 2022.
             Slain by Menkaure (11 damage)
             ... on level 6 of the Dungeon.
             The game lasted 00:10:47 (5376 turns).

Peloso the Covered (Minotaur Fighter)               Turns: 5376, Time: 00:10:47

Health: -1/70      AC: 19    Str: 21    XL:     8   Next: 31%
Magic:  7/7        EV:  6    Int:  5    God:
Gold:   132        SH:  5    Dex: 12    Spells: 7/7 levels left

rFire   . . .      SeeInvis .   a - +0 long sword
rCold   . . .      Faith    .   d - +0 buckler
rNeg    . . .      Spirit   .   c - +0 plate armour
rPois   .          Reflect  .   t - +1 hat
rElec   .          Harm     .   (no cloak)
rCorr   .          Rampage  .   (no gloves)
Will    .....                   k - +0 pair of boots
Stlth   ..........              (no amulet)
HPRegen 0.21/turn               e - +4 ring of protection
MPRegen 0.10/turn               (no ring)

@: no status effects
A: horns 2, retaliatory headbutt
a: no special abilities


You were on level 6 of the Dungeon.
You visited 2 branches of the dungeon, and saw 7 of its levels.

You collected 227 gold pieces.
You spent 95 gold pieces at shops.

Inventory:

Hand Weapons
 a - a +0 long sword (weapon)
Armour
 b - a +0 chain mail
 c - a +0 plate armour (worn)
 d - a +0 buckler (worn)
 k - a +0 pair of boots (worn)
 t - a +1 hat (worn)
Jewellery
 e - a +4 ring of protection (left hand)
Scrolls
 h - 2 scrolls of vulnerability {unknown}
 i - 2 scrolls of teleportation {unknown}
 l - a scroll of butterflies {unknown}
 n - a scroll of poison {unknown}
 o - 2 scrolls of magic mapping
 q - a scroll of torment {unknown}
 r - 2 scrolls of noise {unknown}
 s - a scroll of enchant armour {unknown}
 u - a scroll of brand weapon {unknown}
Potions
 f - a potion of haste
 g - 3 potions of might
 j - 4 potions of flight {unknown}
 p - 2 potions of degeneration {unknown}
 v - a potion of brilliance {unknown}


   Skills:
 + Level 5.6 Fighting
 + Level 7.5 Long Blades
 + Level 7.9 Armour
 + Level 0.7 Dodging
 + Level 0.2 Stealth
 + Level 6.1 Shields


You had 7 spell levels left.
You didn't know any spells.
Your spell library contained the following spells:

 Spells                   Type           Power      Damage    Failure   Level
 Freeze                   Ice            0%         1d3       100%        1
 Frozen Ramparts          Ice            0%         1d1       100%        3
 Hailstorm                Conj/Ice       0%         3d3       100%        4


Dungeon Overview and Level Annotations

Branches:
Dungeon (6/15)             Temple (1/1) D:4

Altars:
Cheibriados
Elyvilon
Fedhas
Gozag
Hepliaklqana
Kikubaaqudgha
Makhleb
Qazlal
Uskayaw
Xom
Zin
The Shining One

Shops:
D:3 (?

Annotations:
D:5 2 transporters, DildoBatman's ghost, amateur FoCj
D:6 Menkaure


Innate Abilities, Weirdness & Mutations

You have a pair of horns on your head.
You reflexively headbutt those who attack you in melee.


Message History

Menkaure hits you but does no damage.
You hit Menkaure.
Menkaure is heavily damaged.
Menkaure calls on the powers of darkness!
Your body is wracked with pain!
Menkaure gestures at you while chanting.
You struggle to resist.
You hit Menkaure. Your headbutt misses Menkaure.
Menkaure is heavily damaged.
Menkaure hits you!
* * * LOW HITPOINT WARNING * * *
You slash Menkaure!
Menkaure is severely damaged.
Menkaure hits you.
* * * LOW HITPOINT WARNING * * *
You hit Menkaure but do no damage. Your headbutt misses Menkaure.
Menkaure is severely damaged.
Menkaure points at you and mumbles some strange words.
Pain shoots through your body!
* * * LOW HITPOINT WARNING * * *
You feel better. Menkaure hits you!
* * * LOW HITPOINT WARNING * * *
Menkaure calls on the powers of darkness!
Your body is wracked with pain!
* * * LOW HITPOINT WARNING * * *
You feel better.
Menkaure points at you and mumbles some strange words.
You struggle to resist.
You hit Menkaure but do no damage.
Menkaure is severely damaged.
Menkaure gestures at you while chanting.
You struggle to resist.
You hit Menkaure.
Menkaure is almost destroyed.
Menkaure hits you but does no damage.
You hit Menkaure but do no damage.
You headbutt Menkaure, but do no damage.
Menkaure is almost destroyed.
Menkaure hits you!
You die... .# ##.......###### .# ###.######...# ## .# #.# #.### )## .. #.# #.#.# ##.## ##.## #.#.# #)PP## ##...## #...# #PPPP#

#.....####...# #....#
...#.......##.#.###....#
#........#.M@)..#.##...#
#..##...#####)###.....##
#.g.g...# #.###.#####
.g....#..# #.....#
~..g..#..# #######
§~M.....# _§. ....# §§.
....#


You could see Menkaure (fast).

Vanquished Creatures
  Sigmund (D:3)
  Edmund (D:5)
  A black bear (D:4)
  An ogre (D:6)
  3 phantoms
  A gnoll sergeant (D:6)
  2 hounds (D:5)
  A gnoll bouda (D:4)
  A jelly (D:5)
  Natasha (twice) (D:2)
  4 iguanas
  An orc wizard (D:3)
  5 adders
  13 gnolls
  A shadow imp (D:6)
  A white imp (D:5)
  2 dart slugs
  2 orcs (D:3)
  4 ball pythons
  6 bats
  11 endoplasms
  3 giant cockroaches
  2 goblins (D:4)
  8 hobgoblins
  5 jackals
  7 kobolds
  4 quokkas
  2 frilled lizards
  5 rats
100 creatures vanquished.

Vanquished Creatures (others)
  4 plants (D:2)
4 creatures vanquished.

Grand Total: 104 creatures vanquished

Notes
Turn   | Place    | Note
-------+----------+-------------------------------------------
     0 | D:1      | Peloso the Minotaur Fighter began the quest for the Orb.
     0 | D:1      | Reached XP level 1. HP: 19/19 MP: 0/0
   129 | D:1      | Reached XP level 2. HP: 18/27 MP: 1/1
  1071 | D:2      | Reached XP level 3. HP: 33/33 MP: 2/2
  1446 | D:2      | Noticed Natasha
  1451 | D:2      | Killed Natasha
  1452 | D:2      | Reached XP level 4. HP: 29/40 MP: 3/3
  1530 | D:2      | Noticed Natasha
  1539 | D:2      | Killed Natasha
  1786 | D:3      | Found Wyquh's Antique Weapon Boutique.
  1897 | D:3      | Found a faded altar of an unknown god.
  2052 | D:3      | Noticed Sigmund
  2063 | D:3      | Killed Sigmund
  2064 | D:3      | Reached skill level 5 in Armour
  2064 | D:3      | Reached XP level 5. HP: 33/47 MP: 4/4
  2064 | D:3      | Reached XP level 6. HP: 37/53 MP: 5/5
  2161 | D:3      | Reached skill level 5 in Long Blades
  2247 | D:3      | Found Joplyom's Magic Scroll Shop.
  2259 | D:3      | Bought a scroll of magic mapping for 75 gold pieces
  2427 | D:3      | Bought a scroll of identify for 20 gold pieces
  2759 | D:4      | Reached skill level 5 in Shields
  2983 | D:4      | Reached XP level 7. HP: 60/60 MP: 6/6
  3036 | D:4      | Found a staircase to the Ecumenical Temple.
  3124 | Temple   | Entered the Ecumenical Temple
  3453 | D:5      | Entered Level 5 of the Dungeon
  3569 | D:5      | Noticed DildoBatman's ghost (amateur FoCj)
  3571 | D:5      | Identified the +6 great mace of Instant Death {drain, rElec
                  | Int+5}
  3574 | D:5      | Found a transporter.
  3578 | D:5      | Found a transporter.
  3987 | D:5      | Identified the +5 short sword of Okawaru's Indignation
                  | {distort, rElec}
  4272 | D:5      | Noticed Edmund
  4296 | D:5      | Killed Edmund
  4836 | D:4      | Reached XP level 8. HP: 56/67 MP: 7/7
  4851 | D:5      | Reached skill level 5 in Fighting
  5321 | D:6      | Found a stormy altar of Qazlal.
  5321 | D:6      | Noticed Menkaure
  5372 | D:6      | HP: 3/70 [??? (1)]
  5376 | D:6      | Slain by Menkaure

Illustrated notes

Levels and vault maps discovered:
D:1:      evilmike_arrival_rings, layout_basic
D:2:      layout_loops_ring, serial_bayou_pond_c, uniq_natasha
D:3:      layout_rooms, serial_shops, nicolae_shop_overgrown_old_shop,
          nicolae_shop_waterfront, shapermc_ecumenical_altar_ellora,
          uniq_sigmund
D:4:      layout_cave_pools, lemuel_temple_firewalk_a, serial_bayou_pond_b
D:5:      layout_basic, gammafunk_ghost_smash, minmay_between, uniq_edmund
D:6:      layout_loops_cross, nicolae_qazlal_scattered_showers,
          amcnicky_altar_lugonu_corruption, uniq_menkaure, uniq_maggie,
          uniq_crazy_yiuf_cottage
Temple:   jpeg_temple_clearing

Skill      XL: |  1  2  3  4  5  6  7  8 |
---------------+-------------------------+-----
Armour         | 4 5 6 7 |  7.9
Shields        | 4 5 6 |  6.1
Long Blades    | 3 4 6 7 |  7.5
Fighting       | 4 5 |  5.6
Dodging        | |  0.7
Stealth        | |  0.2

Action                   |  1- 3 |  4- 6 |  7- 9 || total
-------------------------+-------+-------+-------++-------
Melee: Long sword        |    63 |    98 |   154 ||   315
       Headbutt          |    10 |    22 |    32 ||    64
  Use: Scroll            |       |     2 |     1 ||     3
       Potion            |       |       |     4 ||     4
Armor: Scale mail        |    14 |       |       ||    14
       Chain mail        |    10 |       |       ||    10
       Plate armour      |    19 |    69 |   106 ||   194
Dodge: Dodged            |    21 |    32 |    57 ||   110
Block: Buckler           |    14 |    32 |    47 ||    93
